 Seeded DCSS version 0.29.1-12-g30fa7ad0bf (webtiles) character file.

Game seed: 7196415089472874889 (custom seed)

165 GigaChad the Covered (level 5, 0/47 HPs)
             Began as a Minotaur Fighter on Dec 16, 2022.
             Killed by divine providence
             ... invoked by an orc priest
              (7 damage)
             ... on level 4 of the Dungeon.
             The game lasted 00:04:24 (2823 turns).

GigaChad the Covered (Minotaur Fighter)             Turns: 2823, Time: 00:04:25

Health: 0/47       AC:  9    Str: 25    XL:     5   Next: 21%
Magic:  4/4        EV:  8    Int:  5    God:
Gold:   224        SH:  6    Dex: 10    Spells: 4/4 levels left

rFire   + + .      SeeInvis +   a - +0 war axe
rCold   . . .      Faith    .   s - +2 buckler of Apathy {rF++ Will- rCorr SInv}
rNeg    + . .      Spirit   .   q - +0 chain mail
rPois   +          Reflect  .   (helmet restricted)
rElec   .          Harm     .   (no cloak)
rCorr   +          Rampage  .   (no gloves)
Will    .....                   (no boots)
Stlth   ..........              (no amulet)
HPRegen 0.15/turn               k - ring of Vapsiodol {rPois rN+ Str+3}
MPRegen 0.09/turn               (no ring)

@: no status effects
A: horns 2, retaliatory headbutt
a: no special abilities


You were on level 4 of the Dungeon.
You visited 1 branch of the dungeon, and saw 4 of its levels.

You collected 224 gold pieces.

Inventory:

Hand Weapons
 a - a +0 war axe (weapon)
Armour
 b - a +0 scale mail
 c - a +0 buckler
 q - a +0 chain mail (worn)
 s - the +2 buckler of Apathy (worn) {rF++ Will- rCorr SInv}
   (You acquired it on level 3 of the Dungeon)

   rF:        It greatly protects you from fire.
   SInv:      It lets you see invisible.
   rCorr:     It protects you from acid and corrosion.
   Will:      It decreases your willpower.
Jewellery
 h - a ring of protection from fire
 k - the ring of Vapsiodol (left hand) {rPois rN+ Str+3}
   (You acquired it on level 1 of the Dungeon)

   [ring of poison resistance]

   Str:       It affects your strength (+3).
   rPois:     It protects you from poison.
   rN:        It protects you from negative energy.
 t - a ring of flight
 u - a +4 ring of evasion
 v - a ring of wizardry
Scrolls
 g - a scroll of torment {unknown}
 i - 5 scrolls of immolation {unknown}
 l - a scroll of enchant armour {unknown}
 n - a scroll of amnesia {unknown}
 o - 2 scrolls of teleportation {unknown}
 p - 2 scrolls of identify {unknown}
 r - a scroll of poison {unknown}
 w - a scroll of fear {unknown}
Potions
 d - a potion of might
 e - 2 potions of resistance {unknown}
 f - 2 potions of lignification {unknown}
 j - 2 potions of curing {unknown}
 m - a potion of attraction {unknown}
 x - a potion of cancellation {unknown}


   Skills:
 + Level 4.3 Fighting
 * Level 4.5 Axes
 + Level 4.6 Armour
 + Level 0.7 Dodging
 + Level 0.2 Stealth
 + Level 4.3 Shields


You had 4 spell levels left.
You didn't know any spells.
Your spell library contained the following spells:

 Spells                   Type           Power      Damage    Failure   Level
 Shock                    Conj/Air       0%         1d3       99%         1
 Swiftness                Air            0%         N/A       100%        3
 Airstrike                Air            0%         2d(0-16)  100%        4


Dungeon Overview and Level Annotations

Branches:
Dungeon (4/15)
 Temple: D:4-7

Altars:

Shops:
D:2 !

Annotations:
D:4 1 runed translucent door, Crazy Yiuf


Innate Abilities, Weirdness & Mutations

You have a pair of horns on your head.
You reflexively headbutt those who attack you in melee.


Message History

You kill the orc!
You hit the orc priest. You closely miss the orc priest.
You block the orc priest's attack. The orc priest barely misses you.
A worm comes into view.
The orc priest hits you with a +0 dagger.
You block the orc priest's attack.
You see here a +0 hand axe.
You block the orc priest's attack.
The orc priest mumbles some strange prayers to Beogh against you.
Beogh smites you!
The orc priest attacks as you move away!
The orc priest hits you but does no damage.
The orc priest mumbles some strange prayers to Beogh against you.
Beogh smites you!
* * * LOW HITPOINT WARNING * * *
The orc priest hits you but does no damage.
The orc priest mumbles some strange prayers to Beogh against you.
Pain shoots through your body!
* * * LOW HITPOINT WARNING * * *
The orc priest calls down the wrath of Beogh upon you.
You barely resist. You closely miss the orc priest.
You completely miss the orc priest.
The orc priest hits you but does no damage.
The orc priest calls upon Beogh to heal the orc priest.
The orc priest's wounds heal themselves!
You barely miss the orc priest. You hit the orc priest.
The orc priest hits you with a +0 dagger.
* * * LOW HITPOINT WARNING * * *
The orc priest calls upon Beogh to heal the orc priest.
The orc priest's wounds heal themselves!
The orc priest hits you with a +0 dagger.
* * * LOW HITPOINT WARNING * * *
The orc priest hits you but does no damage.
You slash the orc priest! Your headbutt misses the orc priest.
The orc priest is severely wounded.
You hit the orc priest but do no damage.
The orc priest barely misses you.
The orc priest mumbles some strange prayers to Beogh against you.
Beogh smites you!
You die...

....#.....#..############
....#.......###..?.......
....#......##............
##.##......##............
#.....#..............
#.....#...)..........
.......#.....)........
.......###...oow......
#...... #...@.#######
#.>.... #.[...# ##.#...
#....... #.........
#.........# ...........#
.....#.###### .....#.#


You could see a worm and 2 orc priests.

Vanquished Creatures
  A jelly (D:4)
  6 adders
  A worm (D:2)
  3 dart slugs
  2 orcs (D:4)
  8 endoplasms
  A giant cockroach (D:2)
  5 goblins
  8 hobgoblins
  5 jackals
  3 kobolds
  A quokka (D:2)
  6 ball pythons
  8 bats
  4 frilled lizards
  4 rats
66 creatures vanquished.

Notes
Turn   | Place    | Note
-------+----------+-------------------------------------------
     0 | D:1      | GigaChad the Minotaur Fighter began the quest for the Orb.
     0 | D:1      | Reached XP level 1. HP: 19/19 MP: 0/0
   212 | D:1      | Reached XP level 2. HP: 17/27 MP: 1/1
   350 | D:1      | Found a faded altar of an unknown god.
   851 | D:1      | Identified a scroll of acquirement
   851 | D:1      | Acquired the ring of Vapsiodol {rPois rN+ Str+3}
   950 | D:2      | Reached XP level 3. HP: 32/33 MP: 2/2
  1248 | D:2      | Reached XP level 4. HP: 39/40 MP: 3/3
  1489 | D:2      | Found Zeusig's Distillery.
  1929 | D:3      | Acquired the +2 buckler of Apathy {rF++ Will- rCorr SInv}
  2501 | D:4      | Reached XP level 5. HP: 39/47 MP: 4/4
  2638 | D:4      | Found a runed translucent door.
  2639 | D:4      | Noticed Crazy Yiuf
  2823 | D:4      | Killed from afar by an orc priest

Illustrated notes

Levels and vault maps discovered:
D:1:      dreamdust_arrival_beginning_and_end, layout_basic,
          ebering_ecumenical_altar_webs, serial_rivers,
          chequers_serial_rivers_micro_c, chequers_serial_rivers_large_a,
          chequers_serial_rivers_marsh, chequers_serial_rivers_micro_d,
          chequers_serial_rivers_marsh, minivault_26
D:2:      layout_basic, serial_shops, shop
D:3:      layout_basic
D:4:      layout_basic, minmay_temple_entry_statues_fountains,
          uniq_crazy_yiuf_cottage

Skill      XL: |  1  2  3  4 |
---------------+-------------+-----
Shields        | 4 |  4.3
Armour         | 4 |  4.6
Fighting       | 4 |  4.3
Axes           | 3 4 |  4.5
Dodging        | |  0.7
Stealth        | |  0.2

Action                   |  1- 3 |  4- 6 || total
-------------------------+-------+-------++-------
Melee: War axe           |    68 |    63 ||   131
       Headbutt          |    11 |     9 ||    20
  Use: Scroll            |     1 |     1 ||     2
Armor: Scale mail        |    67 |       ||    67
       Chain mail        |       |    57 ||    57
Dodge: Dodged            |    58 |    46 ||   104
Block: Buckler           |    24 |    36 ||    60
